 Dungeon Crawl Stone Soup version 0.18.1-6-gd335043 (webtiles) character file.

9354 Jerry the Protected (level 11, -1/96 HPs)
             Began as a Demigod Fighter on May 17, 2016.
             Slain by an Executioner (20 damage)
             ... on level 2 of the Abyss.
             The game lasted 01:08:55 (13058 turns).

Jerry the Protected (Demigod Fighter)              Turns: 13058, Time: 01:08:55

Health: -1/96      AC: 11    Str: 23      XL:     11   Next: 2%
Magic:  14/14      EV: 14    Int: 11 (12) God:
Gold:   329        SH:  8    Dex: 14 (15) Spells: 0 memorised, 10 levels left

rFire  . . .     SeeInvis .     J - +6 whip
rCold  + . .     Gourm    .     l - +2 ring mail {rC+}
rNeg   . . .     Faith    .     h - +3 buckler
rPois  .         Spirit   .     (helmet restricted)
rElec  .         Dismiss  .     t - +0 cloak
rCorr  .         Reflect  .     (no gloves)
SustAt +         Harm     .     (no boots)
MR     +....     Rnd*Rage +     u - amulet of regeneration
Stlth  +.........               z - +1 ring of evasion
                                m - +3 ring of evasion

@: exhausted, somewhat resistant to hostile enchantments, very unstealthy
A: beak, berserk 2, high mp 1, sense surroundings 1, robust 1, weak 1, no device
heal 1, sustain attributes
a: no special abilities


You were on level 2 of the Abyss.
You were not hungry.

You visited 2 branches of the dungeon, and saw 11 of its levels.
You visited the Abyss 1 time.

You collected 659 gold pieces.
You spent 330 gold pieces at shops.

Inventory:

Hand Weapons
 k - a +4 short sword of speed
 J - a +6 whip (weapon)
 N - a -2 eveningstar of crushing
Missiles
 G - a throwing net (quivered)
Armour
 h - a +3 buckler (worn)
 l - a +2 ring mail of cold resistance (worn)
 t - a +0 cloak (worn)
Jewellery
 m - a +3 ring of evasion (left hand)
 u - an amulet of regeneration (around neck)
 z - a +1 ring of evasion (right hand)
Wands
 a - a wand of digging (9/24)
 s - a wand of lightning (7/15)
 w - a wand of teleportation (6/9)
 A - a wand of iceblast (13/15)
 C - a wand of flame (12/48)
 E - a wand of disintegration (7/24)
 F - a wand of random effects (30/48)
Scrolls
 b - 5 scrolls of remove curse
 d - 2 scrolls of recharging
 e - a scroll of vulnerability {unknown}
 g - a scroll of teleportation
 j - 5 scrolls of identify
 x - a scroll of amnesia {unknown}
 D - a scroll of enchant weapon
 I - 3 scrolls of holy word
 L - a scroll of random uselessness {unknown}
Potions
 c - 3 potions of curing
Books
 i - a book of Envenomations

   Spells                             Type                      Level
   a - Spider Form                    Transmutation/Poison         3
   b - Olgreb's Toxic Radiance        Poison                       4
   c - Alistair's Intoxication        Transmutation/Poison         5
   d - Poisonous Cloud                Conjuration/Poison/Air       6
 v - a book of Ice

   Spells                             Type                      Level
   a - Ice Form                       Ice/Transmutation            4
   b - Metabolic Englaciation         Hexes/Ice                    5
   c - Ozocubu's Refrigeration        Ice                          6
   d - Bolt of Cold                   Conjuration/Ice              6
   e - Freezing Cloud                 Conjuration/Ice/Air          6
   f - Simulacrum                     Ice/Necromancy               6
 y - a book of Fire

   Spells                             Type                      Level
   a - Ignite Poison                  Fire/Transmutation/Poison    3
   b - Fireball                       Conjuration/Fire             5
   c - Bolt of Fire                   Conjuration/Fire             6
   d - Delayed Fireball               Conjuration/Fire             7
   e - Ring of Flames                 Charms/Fire                  7
 K - a book of the Warp

   Spells                             Type                      Level
   a - Recall                         Summoning/Translocation      3
   b - Gell's Gravitas                Hexes/Translocation          3
   c - Force Lance                    Conjuration/Translocation    4
   d - Warp Weapon                    Charms/Translocation         5
   e - Summon Forest                  Summoning/Translocation      5
Comestibles
 f - 7 bread rations
 o - 10 fruits
 p - 3 beef jerkies
 r - 3 meat rations
 B - 8 royal jellies


   Skills:
 - Level 5.4 Fighting
 + Level 5.3 Maces & Flails
 + Level 13.5 Armour
 - Level 5.5 Shields


You had 10 spell levels left.
You didn't know any spells.

Dungeon Overview and Level Annotations

Branches:
Dungeon (10/15)            Temple (1/1) D:5
   Lair: D:8-11         Orc: D:9-12

Shops:
D:6 =

Annotations:
D:10 Psyche


Innate Abilities, Weirdness & Mutations

You have an increased reservoir of magic (+10% MP).
Your attributes are resistant to harm.
You have a beak for a mouth.
You often lose your temper in combat.
You passively map a small area around you.
You are robust (+10% HP).
You are weak. (Str -2)
Potions and wands are less effective at restoring your health.


Message History

You feel better. The Executioner misses you.
The Executioner hits you but does no damage.
You block the Executioner's attack. The Executioner hits you.
You block the Executioner's attack. The Executioner completely misses you.
The Executioner closely misses you. x2
The Executioner hits you but does no damage.
You hit the Executioner but do no damage.
You peck the Executioner, but do no damage.
The Executioner closely misses you. The Executioner hits you.
The Executioner hits you but does no damage.
The Executioner barely misses you. You block the Executioner's attack.
The Executioner hits you. The Executioner hits you!
* * * LOW HITPOINT WARNING * * *
The Executioner hits you but does no damage.
The Executioner completely misses you.
A rakshasa comes into view. It is wielding a whip.
You hit the Executioner but do no damage.
You peck the Executioner, but do no damage.
The Executioner hits you!!
You die...

. . # # ##
# ##. # . #
. ## . #..
## #
##########
# #.X...
w.#.# #
#.######..#
#@# . # #1#
.. . #.# ##
# ## ...
#.. R..#
.### .


You could see a tentacled starspawn, an Executioner and a rakshasa.

Vanquished Creatures
  Erolcha (D:8)
  A worldbinder (Abyss:2)
  An ancient zyme (Abyss:2)
  A queen bee (D:8)
  A troll (D:9)
  A two-headed ogre (D:9)
  Prince Ribbit (D:6)
  A wyvern (D:9)
  A steam dragon (D:10)
  A hippogriff (D:8)
  A mottled dragon (D:9)
  A hungry ghost (D:9)
  Duvessa (D:5)
  5 sky beasts
  A black bear (D:8)
  2 orc warriors
  3 ice beasts
  5 phantoms
  A necrophage (D:9)
  4 ogres
  7 centaurs
  9 big kobolds
  5 giant frogs
  7 scorpions
  14 killer bees (D:8)
  Dowan (D:5)
  5 wights (D:6)
  2 howler monkeys
  6 crimson imps
  A giant frog zombie (D:7)
  A centaur zombie (D:9)
  5 hounds
  4 quasits
  6 orc priests
  A giant frog skeleton (D:9)
  Crazy Yiuf (D:5)
  2 jellies
  2 centaur skeletons
  12 orc wizards
  3 iguanas
  10 worker ants
  A hound skeleton (D:9)
  A worker ant zombie (D:8)
  5 gnolls
  12 adders
  3 shadow imps
  An ufetubus (Abyss:2)
  3 oozes
  A dart slug (D:5)
  6 giant geckos
  30 orcs
  5 giant cockroaches
  5 goblins
  12 hobgoblins
  7 jackals (D:10)
  2 quokkas (D:2)
  2 ball pythons (D:2)
  12 bats
  A giant cockroach zombie (D:5)
  A giant gecko skeleton (D:5)
  A goblin skeleton (D:6)
  A goblin zombie (D:6)
  A jackal zombie (D:5)
  46 kobolds
  2 kobold skeletons (D:6)
  A kobold zombie (D:6)
  An orc zombie (D:6)
  A quokka skeleton (D:7)
  9 rats
311 creatures vanquished.

Vanquished Creatures (others)
  13 fungi (D:5)
  A plant (D:10)
  2 starspawn tentacles (Abyss:2)
  13 starspawn tentacle segments (Abyss:2)
29 creatures vanquished.

Grand Total: 340 creatures vanquished

Notes
Turn   | Place    | Note
--------------------------------------------------------------
     0 | D:1      | Jerry the Demigod Fighter began the quest for the Orb.
     0 | D:1      | Reached XP level 1. HP: 18/18 MP: 3/3
    36 | D:1      | Reached skill level 3 in Armour
   223 | D:1      | Reached XP level 2. HP: 24/25 MP: 4/4
  1178 | D:2      | Reached XP level 3. HP: 29/30 MP: 5/5
  1403 | D:2      | Found an iron altar of Okawaru.
  1460 | D:2      | Found a white marble altar of Elyvilon.
  1654 | D:3      | Reached XP level 4. HP: 17/37 MP: 6/6
  1970 | D:3      | Found a shattered altar of Ashenzari.
  1975 | D:3      | Found a stormy altar of Qazlal.
  1978 | D:3      | Found a bloodstained altar of Trog.
  2057 | D:3      | Found a faded altar to an unknown god.
  2537 | D:3      | Noticed a big kobold
  2588 | D:3      | Killed a big kobold
  2588 | D:3      | Reached XP level 5. HP: 35/42 MP: 7/7
  2634 | D:3      | Reached skill level 4 in Armour
  2686 | D:3      | Reached skill level 5 in Shields
  2745 | D:3      | Reached XP level 6. HP: 29/50 MP: 8/8
  3049 | D:3      | Reached skill level 5 in Armour
  3549 | D:4      | Found a basalt altar of Yredelemnul.
  3619 | D:4      | Found an oddly glowing altar of Pakellas.
  3774 | D:4      | Found a snail-covered altar of Cheibriados.
  4020 | D:5      | Entered Level 5 of the Dungeon
  4027 | D:5      | Reached XP level 7. HP: 56/56 MP: 9/9
  4066 | D:5      | Found a staircase to the Ecumenical Temple.
  4066 | D:5      | Noticed Duvessa
  4066 | D:5      | Noticed Dowan
  4078 | D:5      | Killed Dowan
  4078 | D:5      | Reached skill level 6 in Armour
  4092 | D:5      | Killed Duvessa
  4256 | Temple   | Entered the Ecumenical Temple
  4439 | D:5      | Reached skill level 7 in Armour
  4569 | D:5      | Found a shimmering altar of Xom.
  4570 | D:5      | Found a shimmering altar of Xom.
  4693 | D:5      | Found a shimmering altar of Xom.
  4693 | D:5      | Found a shimmering altar of Xom.
  4694 | D:5      | Found a shimmering altar of Xom.
  4696 | D:5      | Found a shimmering altar of Xom.
  4697 | D:5      | Found a shimmering altar of Xom.
  4875 | D:5      | Found an ancient bone altar of Kikubaaqudgha.
  4909 | D:5      | Reached skill level 8 in Armour
  4909 | D:5      | Reached XP level 8. HP: 53/62 MP: 10/10
  5277 | D:5      | Noticed Crazy Yiuf
  5323 | D:5      | Killed Crazy Yiuf
  5678 | D:5      | Reached skill level 9 in Armour
  6530 | D:6      | Gained mutation: You are occasionally teleported next to monsters. [mutagenic meat]
  6531 | D:6      | Gained mutation: You possess an exceptional clarity of mind. [mutagenic meat]
  6532 | D:6      | Gained mutation: You are agile. (Dex +2) [mutagenic meat]
  6548 | D:6      | Reached skill level 10 in Armour
  6768 | D:6      | Found a glowing golden altar of the Shining One.
  6865 | D:6      | Reached XP level 9. HP: 37/68 MP: 11/11
  7249 | D:6      | Found Zogugh's Jewellery Boutique.
  7272 | D:6      | Noticed Prince Ribbit
  7434 | D:6      | Bought an uncursed amulet of regeneration for 330 gold pieces
  7718 | D:6      | Reached skill level 11 in Armour
  7833 | D:6      | Killed Prince Ribbit
  8264 | D:7      | Found an ancient bone altar of Kikubaaqudgha.
  8303 | D:7      | Reached skill level 12 in Armour
  8630 | D:7      | Found a stormy altar of Qazlal.
  9335 | D:8      | Reached XP level 10. HP: 46/78 MP: 13/13
  9573 | D:8      | Found a blossoming altar of Fedhas.
  9651 | D:8      | Gained mutation: Your mind is acute. (Int +2) [mutagenic meat]
  9652 | D:8      | Gained mutation: Your mind is very acute. (Int +4) [mutagenic meat]
 10128 | D:8      | Noticed Erolcha
 10196 | D:7      | Reached skill level 5 in Fighting
 10201 | D:7      | Gained mutation: You tend to lose your temper in combat. [mutagenic meat]
 10204 | D:7      | Gained mutation: Potions and wands are less effective at restoring your health. [mutagenic meat]
 10318 | D:7      | Gained mutation: You often lose your temper in combat. [potion of mutation]
 10318 | D:7      | Gained mutation: You passively map a small area around you. [potion of mutation]
 10318 | D:7      | Gained mutation: Your spells are a little easier to cast, but a little less powerful. [potion of mutation]
 10337 | D:8      | Killed Erolcha
 10337 | D:8      | Reached skill level 13 in Armour
 10451 | D:8      | Found a glowing silver altar of Zin.
 11430 | D:9      | Gained mutation: You have a pair of small antennae on your head. [mutagenic meat]
 11431 | D:9      | Lost mutation: You are agile. (Dex +2) [mutagenic meat]
 11432 | D:9      | Lost mutation: Your spells are a little easier to cast, but a little less powerful. [mutagenic meat]
 11614 | D:9      | Found a burning altar of Makhleb.
 12067 | D:10     | Entered Level 10 of the Dungeon
 12197 | D:10     | Noticed Snorg
 12741 | D:10     | Reached skill level 5 in Maces & Flails
 12810 | D:10     | Noticed Psyche
 12866 | D:10     | Cast into level 2 of the Abyss (Psyche)
 12929 | Abyss:2  | Noticed a worldbinder
 12934 | Abyss:2  | Noticed a black mamba
 12949 | Abyss:2  | Killed a worldbinder
 12959 | Abyss:2  | Gained mutation: You are weak. (Str -2) [mutagenic meat]
 12960 | Abyss:2  | Gained mutation: You have a beak for a mouth. [mutagenic meat]
 12961 | Abyss:2  | Lost mutation: You are occasionally teleported next to monsters. [potion of cure mutation]
 12961 | Abyss:2  | Lost mutation: Your mind is very acute. (Int +4) [potion of cure mutation]
 12961 | Abyss:2  | Lost mutation: You have a pair of small antennae on your head. [potion of cure mutation]
 12961 | Abyss:2  | Lost mutation: You possess an exceptional clarity of mind. [potion of cure mutation]
 12961 | Abyss:2  | Lost mutation: Your mind is acute. (Int +2) [potion of cure mutation]
 12962 | Abyss:2  | Gained mutation: You are robust (+10% HP). [potion of beneficial mutation]
 12974 | Abyss:2  | Noticed a black draconian
 13018 | Abyss:2  | Reached XP level 11. HP: 39/96 MP: 14/14
 13050 | Abyss:2  | Noticed a tentacled starspawn
 13053 | Abyss:2  | Noticed an Executioner
 13058 | Abyss:2  | Noticed a rakshasa
 13058 | Abyss:2  | Slain by an Executioner

Skill      XL: |  1  2  3  4  5  6  7  8  9 10 |
---------------+-------------------------------+-----
Armour         | 3 4 5 8 10 12 13 | 13.5
Shields        | 3 4 5 |  5.5
Fighting       | 3 5 |  5.4
Maces & Flails | 5 |  5.3

Action                   |  1- 3 |  4- 6 |  7- 9 | 10-12 || total
-------------------------+-------+-------+-------+-------++-------
Melee: Flail             |    52 |       |       |       ||    52
       Short sword       |    60 |   251 |   928 |   118 ||  1357
       Whip              |       |       |       |   444 ||   444
       Peck              |       |       |       |     4 ||     4
Evoke: Wand              |       |       |       |     8 ||     8
  Use: Scroll            |     5 |     2 |     5 |     4 ||    16
       Potion            |       |     2 |     7 |    16 ||    25
  Eat: Chunk             |     2 |     8 |    23 |    31 ||    64
       Beef jerky        |       |       |       |     2 ||     2
       Pizza             |       |       |       |     1 ||     1
Armor: Scale mail        |    20 |     6 |       |       ||    26
       Leather armour    |     2 |       |       |       ||     2
       Ring mail         |       |    57 |   194 |   230 ||   481
Dodge: Dodged            |    35 |    86 |   274 |   304 ||   699
Block: Shield            |     7 |       |       |       ||     7
       Buckler           |    31 |    88 |   277 |   241 ||   637
